 Dungeon Crawl Stone Soup version 0.31-a0-543-geaa9c7a2c0 (webtiles) character file.

Game seed: 3730214533454157989

74 Ethylacetat the Insei (level 4, -2/30 HPs)
             Began as an Octopode Gladiator on Aug 15, 2023.
             Slain by an orc wizard
             ... wielding a +0 dagger
              (4 damage)
             ... on level 3 of the Dungeon.
             The game lasted 00:01:44 (1486 turns).

Ethylacetat the Insei (Octopode Gladiator)          Turns: 1486, Time: 00:01:44

Health: -2/30      AC:  1    Str: 13    XL:     4   Next: 30%
Magic:  2/5        EV: 14    Int: 10    God:
Gold:   125        SH:  0    Dex: 15    Spells: 3/4 levels left

rFire   . .          .
                       - Unarmed
rCold   . . .        (no shield)
rNeg    . . .        a - +0 hat
rPois   .            (no amulet)
rElec   .            (no ring)
rCorr   .            (no ring)
SInv    .            (no ring)
Will    .....        (no ring)
Stlth   ++           (no ring)
HPRegen 0.25/turn    (no ring)
MPRegen 0.09/turn    (no ring)
                     (no ring)

%: no passive effects
@: no status effects
A: almost no armour, amphibious, 8 rings, camouflage 1, gelatinous body 1,
(nimble swimmer 1), tentacles
a: no special abilities


You were on level 3 of the Dungeon.
You visited 1 branch of the dungeon, and saw 3 of its levels.

You collected 125 gold pieces.

Inventory:

Missiles
 b - 3 throwing nets (quivered)
 c - a javelin
Armour
 a - a +0 hat (worn)
Jewellery
 f - a ring of positive energy
 p - a ring of willpower
Scrolls
 e - 2 scrolls of fog {unknown}
 g - a scroll of poison {unknown}
 h - 2 scrolls of teleportation {unknown}
 i - a scroll of noise {unknown}
 l - a scroll of enchant armour {unknown}
 n - a scroll of amnesia {unknown}
 q - a scroll of identify {unknown}
Potions
 d - a potion of lignification {unknown}
 j - a potion of attraction {unknown}
 k - 2 potions of mutation {unknown}
 m - a potion of degeneration {unknown}
 o - 2 potions of enlightenment {unknown}
 r - a potion of brilliance {unknown}


   Skills:
 + Level 2.8 Fighting
 - Level 2.0 Throwing
 + Level 3.5 Dodging
 + Level 3.5 Unarmed Combat
 + Level 0.6 Spellcasting
 * Level 1.2 Earth Magic


You had 3 spell levels left.
You knew the following spells:

 Your Spells              Type           Power      Damage    Failure   Level
a - Sandblast             Erth           4%         2d4       22%         1

Your spell library contained the following spells:

 Spells                   Type           Power      Damage    Failure   Level
 Passwall                 Tmut/Erth      0%         N/A       38%         2
 Sublimation of Blood     Necr           0%         N/A       50%         2
 Stone Arrow              Conj/Erth      2%         3d7       63%         3
 Petrify                  Tmut/Erth      1%         N/A       95%         4
 Irradiate                Conj/Tmut      0%         3d11      100%        5


Dungeon Overview and Level Annotations

Branches:
Dungeon (3/15)

Altars:
Hepliaklqana


Innate Abilities, Weirdness & Mutations

You cannot wear most types of armour.
You are amphibious.
You can wear up to eight rings at the same time.
Your skin changes colour to match your surroundings (Stealth+).
Your rubbery body absorbs attacks. (AC +1, EV +1)
((You are camouflaged when in or above water. (Stealth+)))
You have tentacles for arms and can constrict up to eight enemies at once.


Message History

You kill the orc priest!
The adder closely misses you.
The orc wizard hits you with a +0 dagger.
The orc barely misses you.
Your Earth Magic skill increases to level 1!
You have reached level 4!
You tentacle-slap the orc wizard but do no damage.
Your grab misses the orc wizard. Your squeeze misses the orc wizard.
The adder misses you. The orc wizard barely misses you.
The orc hits you with a +0 short sword. The adder closely misses you.
Unknown command.
You tentacle-slap the orc wizard. You grab the orc wizard.
The orc wizard is moderately wounded.
You constrict the orc wizard, but do no damage.
The adder barely misses you.
The orc wizard gestures at you while chanting.
The puff of flame hits you!
* * * LOW HITPOINT WARNING * * *
The orc hits you with a +0 short sword.
* * * LOW HITPOINT WARNING * * *
You are too injured to fight recklessly!
You are too injured to fight recklessly!
Unknown command.
What are your orders? t - Shout!
Orders for allies: a - Attack new target. r - Retreat! s - Stop attacking. g - Guard the area. f - Follow me.
Anything else - Cancel.
Okay, then.
Casting: Sandblast (safe; 22% risk of failure)
Confirm with . or Enter, or press ? or * to list all spells.
Aiming: Sandblast (safe; 22% risk of failure)
Press: ? - help, Shift-Dir - straight line, f - adder
Aim: an adder (68% to hit)
The blast of sand hits the adder.
The adder is heavily wounded.
You constrict the orc wizard. The adder closely misses you.
The orc wizard hits you with a +0 dagger.
You die...

###.# ##.
#.# # ..
#.# #.#.
#.# #.#.#
#.#
#....##.#
##.....#.#
##....o.?.#
#..$..S@.)#
......o)..#
#.........#
##.......##
##.......
^!.....###
###.###.#
.. ...


You could see an orc wizard, an adder and an orc.

Vanquished Creatures
  An orc priest (D:3)
  An adder (D:3)
  A worm (D:2)
  3 endoplasms
  2 goblins (D:1)
  4 hobgoblins (D:1)
  4 jackals (D:1)
  A kobold (D:1)
  6 ball pythons
  5 bats
  4 frilled lizards (D:1)
  A rat (D:2)
33 creatures vanquished.

Notes
Turn   | Place    | Note
-------+----------+-------------------------------------------
     0 | D:1      | Ethylacetat the Octopode Gladiator began the quest for the
                  | Orb.
     0 | D:1      | Reached XP level 1. HP: 14/14 MP: 1/1
   176 | D:1      | Reached XP level 2. HP: 15/19 MP: 2/2
   766 | D:1      | Reached XP level 3. HP: 23/25 MP: 3/3
   828 | D:2      | Learned a level 1 spell: Sandblast
  1122 | D:2      | Found a hazy altar of Hepliaklqana.
  1484 | D:3      | Reached skill level 1 in Earth Magic
  1484 | D:3      | Reached XP level 4. HP: 23/30 MP: 3/5
  1485 | D:3      | HP: 1/30 [orc/+0 short sword (4)]
  1486 | D:3      | Slain by an orc wizard

Illustrated notes

Levels and vault maps discovered:
D:1:      saegor_arrival_simple_c, layout_basic
D:2:      layout_basic, basic_altar
D:3:      layout_loops_ring, mainiacjoe_overflow_tiny_flanked,
          basic_ecumenical_altar

Skill      XL: |  1  2  3 |
---------------+----------+-----
Earth Magic    | 1 |  1.2
Fighting       | |  2.8
Throwing       | |  2.0
Dodging        | |  3.5
Unarmed Combat | |  3.5
Spellcasting   | |  0.6

Action                     |  1- 3 |  4- 6 || total
---------------------------+-------+-------++-------
  Melee: Unarmed           |    65 |     2 ||    67
         Constrict         |    15 |     1 ||    16
         Tentacles         |    10 |       ||    10
         Punch             |     2 |       ||     2
   Cast: Sandblast         |       |     1 ||     1
   Stab: Sleeping          |    10 |       ||    10
         Distracted        |     1 |       ||     1
 Armour: Skin              |     6 |       ||     6
  Dodge: Dodged            |    47 |     5 ||    52

Table legend: (Time is in decaauts)
 A = Elapsed time spent in this place.
 B = Non-inter-level travel time spent in this place.
 C = Inter-level travel time spent in this place.
 D = Time resting spent in this place.
 E = Time spent auto-exploring this place.
 F = Levels seen in this place.
 G = Mean time per level.
                   A        B        C        D        E       F      G
               +--------+--------+--------+--------+--------+-----+--------+
         Total |   1481 |   1419 |     62 |      0 |   1193 |   3 |  493.7 |
       Dungeon |   1481 |   1419 |     62 |      0 |   1193 |   3 |  493.7 |
               +--------+--------+--------+--------+--------+-----+--------+

Top non-repeatable levels by time:
     D:1: 822 daAuts
     D:2: 578 daAuts
     D:3: 80 daAuts
